 Dungeon Crawl Stone Soup version 0.21.1-1-g345015fe64 (webtiles) character file.

105 Naru the Chopper (level 4, -9/41 HPs)
             Began as a Minotaur Berserker on June 19, 2018.
             Was a Believer of Trog.
             Mangled by a gnoll
             ... wielding a +0 halberd
              (10 damage)
             ... on level 3 of the Dungeon.
             The game lasted 00:02:55 (2002 turns).

Naru the Chopper (Minotaur Berserker)               Turns: 2002, Time: 00:02:57

Health: -9/41      AC:  3    Str: 23 (26) XL:     4   Next: 53%
Magic:  3/3        EV: 12    Int:  2 (4)  God:    Trog [**....]
Gold:   87         SH:  0    Dex:  8 (10) Spells: 3/3 levels left

rFire    . . .     SeeInvis .   a - +0 hand axe
rCold    . . .     Gourm    .   (no shield)
rNeg     . . .     Faith    .   b - +0 animal skin
rPois    .         Spirit   .   (helmet restricted)
rElec    .         Reflect  .   (no cloak)
rCorr    .         Harm     .   k - +0 pair of gloves (curse)
MR       .....     Rnd*Tele +   (no boots)
Stlth    +.........             (no amulet)
HPRegen  0.13/turn              d - +4 ring of strength
MPRegen  0.08/turn              l - ring of teleportation (curse)

@: no status effects
A: retaliatory headbutt, horns 2
a: Berserk, Trog's Hand, Burn Spellbooks, Renounce Religion


You were on level 3 of the Dungeon.
You worshipped Trog.
Trog was pleased with you.
You were not hungry.

You visited 1 branch of the dungeon, and saw 3 of its levels.

You collected 87 gold pieces.

Inventory:

Hand Weapons
 a - a +0 hand axe (weapon)
 e - a +1 hand axe of chopping
Armour
 b - a +0 animal skin (worn)
 k - a cursed +0 pair of gloves (worn)
Jewellery
 d - a +4 ring of strength (left hand)
 g - an uncursed ring of magical power
 l - a cursed ring of teleportation (right hand)
Scrolls
 i - a scroll of fear
Potions
 f - a potion of degeneration
Comestibles
 c - a ration


   Skills:
 * Level 4.8 Fighting
 * Level 5.1 Axes
 + Level 2.5 Armour
 + Level 2.8 Dodging
 + Level 0.3 Stealth


You had 3 spell levels left.
You didn't know any spells.

Dungeon Overview and Level Annotations

Branches:
Dungeon (3/15)

Altars:
Elyvilon
Okawaru
Trog
Zin
The Shining One


Innate Abilities, Weirdness & Mutations

You reflexively headbutt those who attack you in melee.
You have a pair of horns on your head.


Message History

The gnoll is heavily wounded.
The gnoll barely misses you. The gnoll misses you.
Unknown command.
You hit the gnoll.
The gnoll is severely wounded.
The gnoll hits you.
* * * LOW HITPOINT WARNING * * *
Unknown command.
It was a potion of degeneration.
There was something very wrong with that liquid.
You feel weakened.
You feel dopey.
You feel clumsy. The gnoll hits you but does no damage.
The gnoll closely misses you.
Unknown command.
You hit the gnoll.
The gnoll is almost dead.
The gnoll misses you. You furiously retaliate!
You headbutt the gnoll.
You kill the gnoll!
Trog accepts your kill.
The gnoll hits you from afar with a halberd!
You die...

...# #.#...#.#
...###'#...#.#
#...<......#.#######
#..........#.......#
#.......#..#######.####
#.####+##..##### #....#
... #.>....# ####.# #.
##.###.######.# #.
#..)@.....#
..######.g########
.................
########.#.#######
...g.....#.#
#######..#.# #..#.#
#..#.# #....#


You could see a gnoll.

Vanquished Creatures
  Natasha (twice) (D:2)
  2 gnolls (D:3)
  A dart slug (D:1)
  A giant cockroach (D:1)
  6 goblins (D:1)
  6 hobgoblins
  4 jackals
  8 kobolds
  A bat (D:2)
  4 frilled lizards
  3 rats
38 creatures vanquished.

Notes
Turn   | Place    | Note
-------+----------+-------------------------------------------
     0 | D:1      | Naru the Minotaur Berserker began the quest for the Orb.
     0 | D:1      | Reached XP level 1. HP: 19/19 MP: 0/0
   107 | D:1      | Reached skill level 4 in Axes
   135 | D:1      | Reached XP level 2. HP: 20/27 MP: 1/1
   830 | D:2      | Found an iron altar of Okawaru.
   843 | D:2      | Found a bloodstained altar of Trog.
  1177 | D:2      | Reached XP level 3. HP: 27/33 MP: 2/2
  1362 | D:2      | Found a glowing golden altar of the Shining One.
  1362 | D:2      | Found a glowing silver altar of Zin.
  1363 | D:2      | Found a white marble altar of Elyvilon.
  1403 | D:2      | Noticed Natasha
  1412 | D:2      | Killed Natasha
  1412 | D:2      | Reached ** piety under Trog
  1819 | D:2      | Noticed Natasha
  1836 | D:2      | Killed Natasha
  1836 | D:2      | Reached XP level 4. HP: 41/41 MP: 3/3
  1995 | D:3      | Reached skill level 5 in Axes
  2000 | D:3      | HP: 1/41 [gnoll (3)]
  2002 | D:3      | Mangled by a gnoll

Skill      XL: |  1  2  3  4 |
---------------+-------------+-----
Axes           | 4 5 |  5.1
Fighting       | 4 |  4.8
Armour         | |  2.5
Dodging        | |  2.8
Stealth        | |  0.3

Action                   |  1- 3 |  4- 6 || total
-------------------------+-------+-------++-------
Melee: Hand axe          |    57 |    11 ||    68
       Headbutt          |     6 |     3 ||     9
  Use: Scroll            |       |     5 ||     5
       Potion            |       |     1 ||     1
  Eat: Chunk             |     2 |       ||     2
       Ration            |       |     1 ||     1
Armor: Animal skin       |     9 |     2 ||    11
Dodge: Dodged            |    39 |    10 ||    49
